 Dungeon Crawl Stone Soup version 0.30-a0-4-ga7cffc901d (webtiles) character file.

Game seed: 13026809104833116399

52 mandarbmax the Shield-Bearer (level 3, -4/20 HPs)
             Began as a Vine Stalker Fighter on Aug 21, 2022.
             Killed by divine providence
             ... invoked by an orc priest
              (11 damage)
             ... on level 2 of the Dungeon.
             The game lasted 00:01:33 (1788 turns).

mandarbmax the Shield-Bearer (Vine Stalker Fighter) Turns: 1788, Time: 00:01:34

Health: -4/20      AC:  6    Str: 20    XL:     3   Next: 85%
Magic:  0/4        EV:  9    Int:  8    God:
Gold:   52         SH:  4    Dex: 13    Spells: 2/2 levels left

rFire   . . .      SeeInvis .    a - +0 rapier
rCold   . . .      Faith    .    c - +0 buckler
rNeg    . . .      Spirit   +    b - +0 scale mail
rPois   .          Reflect  .    (no helmet)
rElec   .          Harm     .    (no cloak)
rCorr   .          Rampage  .    (no gloves)
Will    .....                    (no boots)
Stlth   ..........               (no amulet)
HPRegen 0.06/turn                (no ring)
MPRegen 0.09/turn                (no ring)

@: no status effects
A: fangs 2, magic shield, antimagic bite, no potion heal 2
a: no special abilities


You were on level 2 of the Dungeon.
You visited 1 branch of the dungeon, and saw 2 of its levels.

You collected 52 gold pieces.

Inventory:

Hand Weapons
 a - a +0 rapier (weapon)
Armour
 b - a +0 scale mail (worn)
 c - a +0 buckler (worn)
Scrolls
 e - 4 scrolls of identify {unknown}
 f - a scroll of vulnerability {unknown}
 g - a scroll of blinking {unknown}
 i - 2 scrolls of amnesia {unknown}
 k - a scroll of immolation {unknown}
 m - a scroll of poison {unknown}
 n - a scroll of noise {unknown}
 o - a scroll of enchant armour {unknown}
Potions
 d - 2 potions of might
 h - a potion of curing {unknown}
 j - a potion of invisibility {unknown}
 l - a potion of degeneration {unknown}


   Skills:
 + Level 3.0 Fighting
 * Level 2.6 Short Blades
 - Level 0.1(1.5) Long Blades
 + Level 2.7 Armour
 + Level 3.0 Shields


You had 2 spell levels left.
You didn't know any spells.
Your spell library was empty.

Dungeon Overview and Level Annotations

Branches:
Dungeon (2/15)

Altars:


Innate Abilities, Weirdness & Mutations

You have extremely sharp teeth.
When hurt, damage is shared between your health and your magic reserves.
Your bite disrupts and absorbs the magic of your enemies.
Potions cannot restore your health.


Message History

No target in view!
No target in view!
No target in view!
No target in view!
No target in view!
No target in view!
No target in view!
HP restored.
A bat comes into view.
Found a stone staircase leading up.
A bat is nearby!
A bat is nearby!
The bat hits you but does no damage.
You closely miss the bat. The bat closely misses you.
You closely miss the bat. The bat closely misses you. x2
You block the bat's attack.
You hit the bat. Your bite misses the bat.
The bat is heavily wounded.
The bat hits you but does no damage. The bat hits you but does no damage.
The bat hits you but does no damage.
An orc priest and an orc come into view.
The orc priest shouts!
The orc shouts!
The bat hits you but does no damage.
An orc comes into view. It is wielding a +0 club.
The orc priest invokes the aid of Beogh against you.
Beogh smites you!
Ouch! That really hurt!
* * * LOW HITPOINT WARNING * * *
You closely miss the bat.
The orc shouts!
You bite the bat.
You kill the bat!
You hear a shout!
An orc comes into view. It is wielding a +0 hand axe.
The orc moves out of view.
The orc priest invokes the aid of Beogh against you.
Beogh smites you!
Ouch! That really hurt!
You die...

###########
#.........############
#.....................
#.........############
#####.#...............
#.#.######...#####
####@#.# # #....#.# #
o#########.#..#.. #
....oo..o..#..#.# #
....<.o....#..... #
##########.##.### #
...... #..#### #..# ##


You could see an orc priest and an orc.

Vanquished Creatures
  A gnoll (D:1)
  A dart slug (D:1)
  4 ball pythons (D:1)
  5 endoplasms
  2 giant cockroaches
  A goblin (D:1)
  4 hobgoblins
  4 quokkas
  4 bats
  9 frilled lizards (D:1)
  2 kobolds (D:1)
37 creatures vanquished.

Vanquished Creatures (others)
  2 plants (D:1)
2 creatures vanquished.

Grand Total: 39 creatures vanquished

Notes
Turn   | Place    | Note
-------+----------+-------------------------------------------
     0 | D:1      | mandarbmax the Vine Stalker Fighter began the quest for the
                  | Orb.
     0 | D:1      | Reached XP level 1. HP: 11/11 MP: 2/2
    83 | D:1      | You fall into a shaft and drop 1 floor!
   323 | D:1      | Reached XP level 2. HP: 15/16 MP: 1/3
   748 | D:1      | Reached XP level 3. HP: 12/19 MP: 4/4
  1788 | D:2      | Killed from afar by an orc priest

Illustrated notes

Levels and vault maps discovered:
D:1:      heliophobic_arrival_ceremonial_halls, layout_basic,
          kennysheep_small_spiral, minmay_lizard_king
D:2:      layout_basic

Skill      XL: |  1  2  3 |
---------------+----------+-----
Short Blades   | 2 |  2.6
Fighting       | 3 |  3.0
Shields        | 3 |  3.0
Long Blades    | |  0.1
Armour         | |  2.7

Action                   || total
-------------------------++-------
Melee: Rapier            ||   103
       Bite              ||    21
Armor: Scale mail        ||    48
Dodge: Dodged            ||    42
Block: Buckler           ||    24

Table legend: (Time is in decaauts)
 A = Elapsed time spent in this place.
 B = Non-inter-level travel time spent in this place.
 C = Inter-level travel time spent in this place.
 D = Time resting spent in this place.
 E = Time spent auto-exploring this place.
 F = Levels seen in this place.
 G = Mean time per level.
                   A        B        C        D        E       F      G
               +--------+--------+--------+--------+--------+-----+--------+
         Total |   1800 |   1748 |     52 |     19 |   1511 |   2 |  900.0 |
       Dungeon |   1800 |   1748 |     52 |     19 |   1511 |   2 |  900.0 |
               +--------+--------+--------+--------+--------+-----+--------+

Top non-repeatable levels by time:
     D:1: 1321 daAuts
     D:2: 478 daAuts
